 Dungeon Crawl Stone Soup version 0.25.1-8-g42b30a86e7 (webtiles) character file.

Game seed: 6243448057414612470

30 pokeman the Magician (level 3, 0/20 HPs)
             Began as a Deep Elf Wizard on Dec 6, 2020.
             Slain by a jackal (1 damage)
             ... on level 2 of the Dungeon.
             The game lasted 00:02:23 (1325 turns).

pokeman the Magician (Deep Elf Wizard)              Turns: 1325, Time: 00:02:23

Health: 0/20       AC:  4    Str:  4    XL:     3   Next: 5%
Magic:  1/11       EV: 13    Int: 23    God:
Gold:   63         SH:  0    Dex: 13    Spells: 11/12 levels left

rFire    . . .     SeeInvis .   (no weapon)
rCold    . . .     Gourm    .   (no shield)
rNeg     . . .     Faith    .   a - +0 robe
rPois    .         Spirit   .   b - +0 hat
rElec    .         Reflect  .   l - scarf {+Inv}
rCorr    .         Harm     .   f - +1 pair of gloves
MR       .....                  (no boots)
Stlth    ++........             (no amulet)
HPRegen  0.06/turn              (no ring)
MPRegen  0.12/turn              (no ring)

@: very slightly contaminated
A: no striking features
a: Evoke Invisibility


You were on level 2 of the Dungeon.
You were not hungry.

You visited 1 branch of the dungeon, and saw 2 of its levels.

You collected 63 gold pieces.

Inventory:

Missiles
 k - 2 curare-tipped darts (quivered)
 n - 12 bolts
Armour
 a - a +0 robe (worn)
 b - a +0 hat (worn)
 f - a +1 pair of gloves (worn)
 l - a scarf of invisibility (worn)
 p - a +0 kite shield
Scrolls
 g - 4 scrolls of identify {unknown}
 i - a scroll of fear {unknown}
 j - 2 scrolls of amnesia {unknown}
 m - 2 scrolls of teleportation {unknown}
Potions
 c - a potion of curing {unknown}
 e - a potion of might {unknown}
 o - a potion of haste {unknown}
Comestibles
 d - 3 rations
 h - a chunk of flesh


   Skills:
 + Level 0.7 Fighting
 + Level 0.7 Armour
 - Level 2.4 Dodging
 - Level 2.4 Stealth
 * Level 5.1 Spellcasting
 + Level 1.7 Conjurations
   Level 1.1 Summonings
   Level 1.1 Translocations


You had 11 spell levels left.
You knew the following spells:

 Your Spells              Type           Power        Failure   Level  Hunger
a - Magic Dart            Conj           ##..         4%          1    None

Your spell library contained the following spells:

 Spells                   Type           Power        Failure   Level  Hunger
 Blink                    Tloc           N/A          9%          2    None
 Call Imp                 Summ           ##......     9%          2    None
 Slow                     Hex            #.......     14%         2    None
 Conjure Flame            Conj/Fire      #.......     21%         3    ##.....
 Mephitic Cloud           Conj/Pois/Air  #.......     22%         3    ##.....


Dungeon Overview and Level Annotations

Branches:
Dungeon (2/15)

Altars:


Message History

The jackal bites you but does no damage.
The jackal bites you.
* * * LOW HITPOINT WARNING * * *
The jackal misses you.
You hit the jackal.
The jackal is moderately wounded.
The jackal barely misses you. x2
You hit the jackal.
The jackal is heavily wounded.
The jackal barely misses you. x2; The jackal closely misses you.
You hit the jackal but do no damage.
The jackal is heavily wounded.
The jackal bites you.
* * * LOW HITPOINT WARNING * * *
The jackal bites you but does no damage.
The jackal closely misses you.
You hit the jackal but do no damage.
The jackal is heavily wounded.
The jackal barely misses you. The jackal bites you.
You die...

###
#@#########
#hhw......#
#.#.......#
#.#.#######
#.รท.......#
###.#####w#
#.# #.# #.#
#h# #.# #.#


You could see a worm and 2 jackals.

Vanquished Creatures
  3 leopard geckos (D:1)
  5 bats
  A giant cockroach (D:1)
  2 goblins (D:1)
  A hobgoblin (D:1)
  2 jackals (D:2)
  6 kobolds (D:1)
  3 frilled lizards
  6 rats
29 creatures vanquished.

Notes
Turn   | Place    | Note
-------+----------+-------------------------------------------
     0 | D:1      | pokeman the Deep Elf Wizard began the quest for the Orb.
     0 | D:1      | Reached XP level 1. HP: 10/10 MP: 7/7
   286 | D:1      | Reached XP level 2. HP: 15/15 MP: 2/9
   932 | D:1      | Reached skill level 5 in Spellcasting
  1283 | D:2      | Reached XP level 3. HP: 20/20 MP: 6/11
  1324 | D:2      | HP: 1/20 [jackal (1)]
  1325 | D:2      | Slain by a jackal

Illustrated notes

Levels and vault maps discovered:
D:1:      dpeg_arrival_rooms_with_view, layout_loops_cross,
          minmay_misc_feat_roman, minmay_misc_feat_rugged
D:2:      layout_basic, lemuel_crystal_altar, first_ration

Skill      XL: |  1  2 |
---------------+-------+-----
Spellcasting   | 5 |  5.1
Fighting       | |  0.7
Armour         | |  0.7
Dodging        | |  2.4
Stealth        | |  2.4
Conjurations   | |  1.7
Summonings     | |  1.1
Translocations | |  1.1

Action                   || total
-------------------------++-------
Melee: Unarmed           ||    17
 Cast: Magic Dart        ||    61
  Eat: Chunk             ||     1
Armor: Robe              ||    15
Dodge: Dodged            ||    55
